 Dungeon Crawl Stone Soup version 0.19.0-19-g8c6edcc (console) character file.

33460 Gottschkopf the Peltast (level 13, -8/118 HPs)
             Began as a Minotaur Fighter on Nov 14, 2016.
             Was an Initiate of Trog.
             Killed by divine providence
             ... invoked by a smoke demon
             ... created by the fury of Makhleb
              (10 damage)
             ... on level 14 of the Dungeon on Nov 15, 2016.
             The game lasted 00:51:03 (15049 turns).

Gottschkopf the Peltast (Minotaur Fighter)         Turns: 15049, Time: 00:51:04

Health: -8/118     AC: 24    Str: 26    XL:     13   Next: 36%
Magic:  12/12      EV: 15    Int:  5    God:    Trog [......]
Gold:   1004       SH: 16    Dex: 10    Spells: 1 memorised, 11 levels left

rFire  + . .     SeeInvis .     k - +3 mace (protect)
rCold  + + +     Gourm    .     J - +3 ring mail {rC+}
rNeg   . . .     Faith    .     c - +0 shield
rPois  +         Spirit   .     (helmet unavailable)
rElec  .         Reflect  +     w - +0 cloak
rCorr  .         Harm     .     u - +0 pair of gloves
MR     .....                    j - +2 pair of boots
Stlth  ..........               C - +2 amulet of reflection
                                S - +2 ring of strength
                                B - ring of protection from cold

@: protection aura
A: retaliatory headbutt, horns 3, slimy green scales 1, blurry vision 1, cold
resistance 1, deformed body, fire resistance 1, poison resistance, shaggy fur 1,
weak 1, wild magic 1
a: Burn Spellbooks, Renounce Religion


You were on level 14 of the Dungeon.
You worshipped Trog.
Trog was noncommittal.
You were not hungry.

You visited 2 branches of the dungeon, and saw 15 of its levels.
You also visited: Bailey.

You collected 1106 gold pieces.
You spent 102 gold pieces at shops.

Inventory:

Hand Weapons
 k - a +3 mace of protection (weapon)
 n - a +2 antimagic falchion
 D - a +0 long sword of draining
Missiles
 G - 4 curare-tipped needles
Armour
 c - a +0 shield (worn)
 j - a +2 pair of boots (worn)
 o - a +0 plate armour
 u - a +0 pair of gloves (worn)
 w - a +0 cloak (worn)
 J - a +3 ring mail of cold resistance (worn)
Jewellery
 p - an uncursed ring of fire
 z - an uncursed amulet of regeneration
 B - a ring of protection from cold (left hand)
 C - a +2 amulet of reflection (around neck)
 L - an uncursed ring of resist corrosion
 S - a +2 ring of strength (right hand)
Wands
 m - a wand of flame (28/48)
 F - a wand of lightning (5/15)
 H - a wand of slowing (27/48)
 M - a wand of acid (5/15)
 Q - a wand of polymorph (11/24)
Scrolls
 a - 4 scrolls of recharging
 l - a scroll of vulnerability {unknown}
 s - 6 scrolls of teleportation
 t - 4 scrolls of fog
 y - 4 scrolls of remove curse
 E - 2 scrolls of noise
 N - a scroll of identify
Potions
 d - 2 potions of might
 e - 2 potions of curing
 h - 5 potions of haste
 i - a potion of invisibility
 v - a potion of flight
 A - 3 potions of cancellation
Books
 K - a book of Callings

   Spells                             Type                      Level
   a - Summon Small Mammal            Summoning                    1
   b - Call Imp                       Summoning                    2
   c - Call Canine Familiar           Summoning                    3
   d - Summon Guardian Golem          Hexes/Summoning              3
   e - Summon Lightning Spire         Summoning/Air                4
   f - Summon Ice Beast               Ice/Summoning                4
   Trog disapproves of the use of such an item.
Comestibles
 f - 12 bread rations
 g - 5 fruits
 r - 2 royal jellies
 x - a slice of pizza
 P - 2 meat rations
 R - a beef jerky


   Skills:
 - Level 12.0 Fighting
 - Level 12.1 Maces & Flails
 - Level 12.1 Armour
 + Level 9.9 Dodging
 - Level 15.0 Shields


You had 11 spell levels left.
You knew the following spells:

 Your Spells              Type           Power        Failure   Level  Hunger
a - Summon Small Mammal   Summ           #...         82%         1    ##.....


Dungeon Overview and Level Annotations

Branches:
Dungeon (14/15)            Temple (1/1) D:7            Lair (0/6) D:11
    Orc (0/2) D:11         Vaults (0/5) D:14

Altars:
Ashenzari
Dithmenos
Elyvilon
Hepliaklqana
Makhleb
Nemelex Xobeh
Qazlal
Ru
Sif Muna
Trog
Vehumet
Xom
Yredelemnul
Zin

Shops:
D:12 ?   D:13 }

Annotations:
D:5 SaltIsReal's ghost, novice HOTm


Innate Abilities, Weirdness & Mutations

You reflexively headbutt those who attack you in melee.
You have a pair of large horns on your head.
You are partially covered in slimy green scales. (AC +2)
Scrolls take you a little longer to read.
Your flesh is cold resistant. (rC+)
Armour fits poorly on your strangely shaped body.
Your flesh is heat resistant. (rF+)
Your system is resistant to poisons. (rPois)
You are covered in fur. (AC +1)
You are weak. (Str -2)
Your spells are a little harder to cast, but a little more powerful.


Message History

You block the Executioner's attack. The Executioner closely misses you.
The ufetubus closely misses you. You furiously retaliate!
You headbutt the ufetubus!
You kill the ufetubus!
The ynoxinul gestures.
The smoke demon misses you. The smoke demon hits you.
* * * LOW HITPOINT WARNING * * *
The smoke demon hits you but does no damage.
The Executioner hits you!!
* * * LOW HITPOINT WARNING * * *
The Executioner barely misses you. You block the Executioner's attack.
You barely miss the Executioner. Your headbutt misses the Executioner.
The Executioner is moderately wounded.
The Executioner gestures.
You block the ufetubus's attack. The ufetubus misses you.
You block the Executioner's attack. x2
The Executioner hits you but does no damage.
The smoke demon gestures at you. Makhleb smites you!
You die...

######### #.15....#
#.#@5...# #.#335..#
##############.#5#.#.#
...............#.....#
########..######.^...#
#......#..# #.#.#.#
#.....)#..# #.....#
#.####.#..# #.....#
#.#∩.#.#..#### #.#.# #


You could see an Executioner, a smoke demon, a ynoxinul and 4 ufetubi.

Vanquished Creatures
  The ghost of SaintRoka the Grappler, a journeyman TrTm of Cheibriados (D:11)
  2 hydras
  A catoblepas (D:14)
  Harold (D:11)
  A centaur warrior (D:13)
  An unseen horror (D:13)
  A wizard (D:14)
  6 hill giants
  A deep troll (D:14)
  An orc knight (Bailey)
  A phantasmal warrior (D:14)
  A wolf spider zombie (D:10)
  4 ugly things
  A salamander (shapeshifter) (D:14)
  A manticore (D:13)
  2 cyclopes
  Joseph (D:7)
  3 centaur zombies
  5 centaur skeletons
  Maurice (D:8)
  3 kobold demonologists
  A gargoyle (D:13)
  A komodo dragon (D:11)
  A troll (D:9)
  A redback zombie (D:7)
  2 hellwings (D:7)
  3 polar bears (D:9)
  3 hornets
  A two-headed ogre (D:10)
  11 slime creatures (D:13)
  A meliai zombie (D:11)
  4 hippogriffs
  A shadow (D:13)
  A spriggan (D:11)
  Grum (D:8)
  6 hogs (D:13)
  A human (D:13)
  9 yaks
  A wraith (D:14)
  Eustachio (D:4)
  A mottled dragon (D:12)
  3 hungry ghosts
  2 vampire mosquitoes (D:13)
  6 orc warriors
  4 sky beasts
  3 phantoms
  2 black bears
  6 ice beasts
  An eye of draining (D:13)
  3 ogres
  2 wolves (D:8)
  11 centaurs
  A crocodile (D:12)
  3 big kobolds
  8 bullfrogs
  2 wyvern zombies
  A gnoll sergeant (D:11)
  2 scorpions
  A water moccasin skeleton (D:6)
  8 killer bees
  8 wights
  An electric eel (D:9)
  A crimson imp (D:6)
  2 jellies
  3 bullfrog zombies
  3 hounds
  A quasit (D:10)
  9 orc priests
  A bullfrog skeleton (D:8)
  4 iguanas
  13 orc wizards
  5 worker ants
  A killer bee zombie (D:8)
  A bullfrog simulacrum (D:9)
  2 centaur simulacra
  2 hound zombies
  3 hound skeletons
  A worker ant zombie (D:8)
  A howler monkey zombie (D:5)
  25 gnolls
  15 adders
  8 shadow imps
  3 white imps (D:9)
  2 ufetubi (D:9)
  8 worms
  4 dart slugs
  An adder simulacrum (D:9)
  7 leopard geckos
  43 orcs
  3 ball pythons
  4 giant cockroaches
  9 hobgoblins
  8 jackals
  5 quokkas
  9 bats
  5 frilled lizards
  9 goblins
  A jackal skeleton (D:6)
  22 kobolds
  A leopard gecko skeleton (D:8)
  12 rats
  2 plants
427 creatures vanquished.

Vanquished Creatures (others)
  Kirke (D:13)
  A wizard (D:13)
  A plant (D:11)
3 creatures vanquished.

Grand Total: 430 creatures vanquished

Notes
Turn   | Place    | Note
-------+----------+-------------------------------------------
     0 | D:1      | Gottschkopf the Minotaur Fighter began the quest for the Orb.
     0 | D:1      | Reached XP level 1. HP: 19/19 MP: 0/0
    96 | D:1      | Reached skill level 1 in Dodging
   134 | D:1      | Reached XP level 2. HP: 18/26 MP: 1/1
   197 | D:1      | Reached XP level 3. HP: 9/33 MP: 2/2
   713 | D:2      | Reached skill level 5 in Fighting
   767 | D:2      | Reached XP level 4. HP: 42/42 MP: 1/3
   885 | D:2      | Found a radiant altar of Vehumet.
   900 | D:2      | Found a burning altar of Makhleb.
   973 | D:2      | Became a worshipper of Makhleb the Destroyer
  1158 | D:2      | Found a shattered altar of Ashenzari.
  1485 | D:3      | Reached XP level 5. HP: 33/50 MP: 0/4
  1570 | D:3      | Reached * piety under Makhleb
  2727 | D:4      | Reached XP level 6. HP: 51/60 MP: 5/5
  2859 | D:4      | Noticed Eustachio
  2873 | D:4      | Killed Eustachio
  3138 | D:4      | Reached ** piety under Makhleb
  3596 | D:5      | Entered Level 5 of the Dungeon
  3596 | D:5      | Noticed SaltIsReal's ghost (novice HOTm)
  3946 | D:5      | Noticed an ice beast
  3962 | D:5      | Reached XP level 7. HP: 10/70 MP: 1/6
  3972 | D:5      | Reached skill level 10 in Fighting
  4409 | D:5      | Found a stormy altar of Qazlal.
  4548 | D:5      | Found a deep blue altar of Sif Muna.
  5242 | D:6      | Found a sparkling altar of Nemelex Xobeh.
  5270 | D:6      | Reached XP level 8. HP: 81/82 MP: 7/7
  5314 | D:6      | Reached *** piety under Makhleb
  6271 | D:6      | Reached skill level 5 in Maces & Flails
  6561 | D:7      | Noticed a hellwing
  6564 | D:7      | Noticed a hellwing
  6603 | D:7      | Noticed a hippogriff
  6618 | D:6      | Killed a hippogriff
  6802 | D:7      | Reached XP level 9. HP: 85/90 MP: 5/8
  6822 | D:7      | Reached skill level 10 in Maces & Flails
  6858 | D:7      | Killed a hellwing
  7384 | D:7      | Killed a hellwing
  7384 | D:7      | Reached XP level 10. HP: 90/97 MP: 6/9
  7420 | D:7      | Noticed Joseph
  7436 | D:7      | Killed Joseph
  7436 | D:7      | Reached skill level 4 in Shields
  7469 | D:7      | Found a glowing silver altar of Zin.
  7539 | D:7      | Found a white marble altar of Elyvilon.
  7594 | D:7      | Found a staircase to the Ecumenical Temple.
  7603 | Temple   | Entered the Ecumenical Temple
  7630 | D:7      | Found a shimmering altar of Xom.
  7830 | D:7      | Reached skill level 5 in Shields
  7903 | D:7      | Gained mutation: Armour fits poorly on your strangely shaped body. [mutagenic meat]
  7904 | D:7      | Gained mutation: You are robust. (+10% HP) [mutagenic meat]
  7905 | D:7      | Gained mutation: You tend to lose your temper in combat. [mutagenic meat]
  7906 | D:7      | Gained mutation: Your system is resistant to poisons. (rPois) [mutagenic meat]
  8070 | D:8      | Reached skill level 6 in Shields
  8110 | D:8      | Reached **** piety under Makhleb
  8205 | D:8      | Reached skill level 7 in Shields
  8276 | D:8      | Noticed Maurice
  8278 | D:8      | Noticed Grum
  8300 | D:8      | Killed Grum
  8300 | D:8      | Reached skill level 8 in Shields
  8667 | D:8      | Killed Maurice
  8667 | D:8      | Reached skill level 9 in Shields
  8720 | D:8      | Reached skill level 10 in Shields
  8786 | D:8      | Found a sacrificial altar of Ru.
  8910 | D:8      | Found a hazy altar of Hepliaklqana.
  8999 | D:8      | Gained mutation: Your spells are a little harder to cast, but a little more powerful. [mutagenic meat]
  9000 | D:8      | Lost mutation: You tend to lose your temper in combat. [mutagenic meat]
  9238 | D:9      | Reached skill level 11 in Shields
  9303 | D:9      | Reached XP level 11. HP: 110/114 MP: 10/10
  9708 | D:9      | Reached ***** piety under Makhleb
  9721 | D:10     | Entered Level 10 of the Dungeon
  9751 | D:10     | Lost mutation: You are robust. (+10% HP) [mutagenic meat]
  9752 | D:10     | Gained mutation: You are covered in fur. (AC +1) [mutagenic meat]
  9753 | D:10     | Gained mutation: You have a pair of large horns on your head. [mutagenic meat]
  9754 | D:10     | Gained mutation: You are weak. (Str -2) [mutagenic meat]
  9866 | D:10     | Reached skill level 12 in Shields
  9907 | D:10     | Found a flagged portal.
  9919 | Bailey   | Entered a bailey
  9986 | Bailey   | Noticed an orc knight
 10004 | Bailey   | Killed an orc knight
 10143 | Bailey   | Got a scorched rapier {pierce}
 10144 | Bailey   | Lost intelligence.
 10144 | Bailey   | Identified the +3 rapier of Ru's Envy {pierce, rPois Int-5 Dex+4} (You took it off a kobold in a bailey)
 10234 | Bailey   | Found an iron altar of Okawaru.
 10336 | D:10     | Noticed a hill giant
 10351 | D:10     | Killed a hill giant
 10421 | D:10     | Reached skill level 13 in Shields
 10682 | D:10     | Noticed a hill giant
 10689 | D:10     | Killed a hill giant
 10863 | D:11     | Noticed Harold
 10878 | D:11     | Killed Harold
 10986 | D:11     | Reached skill level 14 in Shields
 11051 | D:11     | You fall through a shaft for 3 floors!
 11289 | D:13     | Noticed a hill giant
 11290 | D:13     | Noticed Kirke
 11307 | D:13     | Reached skill level 15 in Shields
 11328 | D:13     | Killed a hill giant
 11328 | D:13     | Reached skill level 5 in Armour
 11344 | D:13     | Killed Kirke
 11344 | D:13     | Reached XP level 12. HP: 96/112 MP: 11/11
 11478 | D:12     | Noticed a seven-headed hydra
 11494 | D:12     | Killed a seven-headed hydra
 11839 | D:11     | Found a staircase to the Lair.
 11857 | D:11     | Reached skill level 10 in Armour
 12107 | D:11     | Noticed SaintRoka's ghost (journeyman TrTm)
 12140 | D:11     | Gained mutation: Scrolls take you a little longer to read. [potion of mutation]
 12140 | D:11     | Gained mutation: Your flesh is cold resistant. (rC+) [potion of mutation]
 12142 | D:11     | Killed SaintRoka's ghost
 12473 | D:11     | Found a staircase to the Orcish Mines.
 12763 | D:11     | Reached ****** piety under Makhleb
 12799 | D:12     | Gained mutation: You are partially covered in slimy green scales. (AC +2) [mutagenic meat]
 12820 | D:12     | Gained mutation: Your flesh is heat resistant. (rF+) [mutagenic meat]
 12983 | D:12     | Found Quxoq's Magic Scroll Shoppe.
 12992 | D:12     | Bought a scroll of identify for 34 gold pieces
 12992 | D:12     | Bought a scroll of identify for 34 gold pieces
 12992 | D:12     | Bought a scroll of identify for 34 gold pieces
 13008 | D:12     | Learned a level 1 spell: Summon Small Mammal
 13127 | D:13     | Reached skill level 5 in Dodging
 13360 | D:13     | Reached XP level 13. HP: 64/118 MP: 12/12
 13630 | D:13     | Found a bloodstained altar of Trog.
 13753 | D:13     | Found Dawaong's Gadget Emporium.
 14047 | D:13     | Fell from the grace of Makhleb
 14047 | D:13     | Became a worshipper of Trog the Wrathful
 14703 | D:14     | Found a gate to the Vaults.
 15040 | D:14     | Noticed an Executioner
 15048 | D:14     | HP: 1/118 [Executioner[the fury of Makhleb] (19)]
 15049 | D:14     | Killed from afar by a smoke demon

Skill      XL: |  1  2  3  4  5  6  7  8  9 10 11 12 13 |
---------------+----------------------------------------+-----
Dodging        | 2 6 9 |  9.9
Fighting       | 4 5 6 7 9 11 12 | 12.0
Maces & Flails | 8 12 | 12.1
Shields        | 11 15 | 15.0
Armour         | 6 12 | 12.1

Action                   |  1- 3 |  4- 6 |  7- 9 | 10-12 | 13-15 || total
-------------------------+-------+-------+-------+-------+-------++-------
Melee: Flail             |    70 |   159 |   168 |       |       ||   397
       Headbutt          |     7 |    36 |    78 |   236 |    46 ||   403
       Falchion          |     7 |    67 |     9 |       |       ||    83
       Mace              |       |       |   173 |  1027 |   146 ||  1346
  Use: Scroll            |       |       |    14 |    10 |       ||    24
       Potion            |       |       |     5 |     4 |       ||     9
 Stab: Held in net/web   |       |       |       |     1 |       ||     1
       Petrifying        |       |       |       |       |     2 ||     2
       Petrified         |       |       |       |       |     2 ||     2
  Eat: Chunk             |       |     8 |     8 |    39 |     6 ||    61
       Meat ration       |       |     1 |       |     1 |       ||     2
Armor: Scale mail        |    37 |    95 |   137 |       |       ||   269
       Plate armour      |       |       |   194 |   228 |       ||   422
       Skin              |       |       |    11 |       |       ||    11
       Ring mail         |       |       |       |   227 |    45 ||   272
Dodge: Dodged            |    35 |    91 |   137 |   280 |    62 ||   605
Block: Shield            |    28 |   128 |   257 |   701 |   115 ||  1229
       Reflection        |       |       |       |    16 |     3 ||    19
       Rpst.: Falchion   |       |     6 |       |       |       ||     6
